 Dungeon Crawl Stone Soup version 0.23-a0-650-ga4d50d4 (webtiles) character file.

28 Blackhawk the Charmwright (level 3, -1/28 HPs)
             Began as a Merfolk Skald on Jan 5, 2019.
             Slain by an adder (3 damage)
             ... on level 1 of the Dungeon.
             The game lasted 00:01:54 (1119 turns).

Blackhawk the Charmwright (Merfolk Skald)           Turns: 1119, Time: 00:01:55

Health: -1/28      AC:  3    Str: 12    XL:     3   Next: 12%
Magic:  6/6        EV:  9    Int: 12    God:
Gold:   47         SH:  6    Dex: 13    Spells: 5/6 levels left

rFire    . . .     SeeInvis .   a - +0 spear
rCold    . . .     Gourm    .   o - +0 shield
rNeg     . . .     Faith    .   b - +0 leather armour
rPois    .         Spirit   .   (no helmet)
rElec    .         Reflect  .   (no cloak)
rCorr    .         Harm     .   (no gloves)
MR       .....                  (no boots)
Stlth    +.........             (no amulet)
HPRegen  0.09/turn              (no ring)
MPRegen  0.10/turn              (no ring)

@: no status effects
A: change form in water, swift swim, stealthy swim
a: no special abilities


You were on level 1 of the Dungeon.
You were not hungry.

You visited 1 branch of the dungeon, and saw 2 of its levels.

You collected 47 gold pieces.

Inventory:

Hand Weapons
 a - a +0 spear (weapon)
 h - a +2 hunting sling of freezing
Missiles
 f - 15 sling bullets
 n - 21 stones (quivered)
Armour
 b - a +0 leather armour (worn)
 o - a +0 shield (worn)
Scrolls
 c - 2 scrolls of identify {unknown}
 e - a scroll of random uselessness {unknown}
 g - a scroll of immolation {unknown}
 i - a scroll of noise {unknown}
 k - a scroll of fog {unknown}
 l - a scroll of fear {unknown}
Potions
 j - a potion of degeneration {unknown}
 m - a potion of cancellation {unknown}
Comestibles
 d - 2 rations


   Skills:
 + Level 2.5 Fighting
 + Level 3.4 Polearms
 + Level 1.0 Armour
 - Level 3.0 Dodging
 + Level 0.0 Shields
 + Level 2.2 Spellcasting
 + Level 3.5 Charms


You had 5 spell levels left.
You knew the following spells:

 Your Spells              Type           Power        Failure   Level  Hunger
a - Infusion              Chrm           #...         50%         1    ##.....

Your spell library contained the following spells:

 Spells                   Type           Power        Failure   Level  Hunger
 Song of Slaying          Chrm           #.......     63%         2    ###....
 Shroud of Golubria       Chrm/Tloc      #.........   86%         2    ###....
 Regeneration             Chrm/Necr      #.........   98%         3    ####...
 Spectral Weapon          Hex/Chrm       #.......     98%         3    ####...


Dungeon Overview and Level Annotations

Branches:
Dungeon (2/15)

Altars:


Message History

2 adders and an ogre come into view.
The adder hisses angrily.
Found a scroll labeled CAARUO LASH and a fuming blue potion.
There is a stone staircase leading up here.
The adder hisses angrily.
The adder closely misses you.
The ogre hits you with a +0 giant club!!
Ouch! That really hurt!
* * * LOW HITPOINT WARNING * * *
You climb upwards.
There is a stone staircase leading down here.
You closely miss the adder. The adder closely misses you.
The adder barely misses you.
You closely miss the adder. The adder bites you.
* * * LOW HITPOINT WARNING * * *
You closely miss the adder. You block the adder's attack.
You miss the adder. The adder bites you.
* * * LOW HITPOINT WARNING * * *
The adder bites you.
You die...

########....###.#.##.......#.#
# #....# #.#.......##.#.# #
##...# #......#####.#.#
#########...########.......#.#
.....#....>..###############.#
####.#.##[###.##.....# #.#
.....#.#.## ##.#.....# #.#
.........# #.S.....# #.#
.....#.#.## ##.#@....# #.#
####.#....###..#.....# #.#
.....###.#...#.####### #.#
###### #.##......# #####.# #
#.......#.# #.....# #####
##.....##.##### #.#####
....#####.#.#........# #.#
###.......#.#..#.###.###.#
###.#####.#....#.##...##.#


You could see an adder.

Vanquished Creatures
  2 dart slugs (D:1)
  6 bats (D:1)
  4 giant cockroaches (D:1)
  3 hobgoblins (D:1)
  3 goblins (D:1)
  3 kobolds (D:1)
  A rat (D:1)
22 creatures vanquished.

Notes
Turn   | Place    | Note
-------+----------+-------------------------------------------
     0 | D:1      | Blackhawk the Merfolk Skald began the quest for the Orb.
     0 | D:1      | Reached XP level 1. HP: 16/16 MP: 3/3
   179 | D:1      | Reached XP level 2. HP: 18/23 MP: 5/5
   505 | D:1      | Reached skill level 1 in Armour
   651 | D:1      | Reached XP level 3. HP: 28/28 MP: 6/6
  1111 | D:2      | Noticed an ogre
  1119 | D:1      | Slain by an adder

Vault maps used:
D:1:      dpeg_arrival_boxes_within_box
D:2:      eat_drink_and_be_merry_uskayaw

Skill      XL: |  1  2 |
---------------+-------+-----
Armour         | 1 |  1.0
Dodging        | 3 |  3.0
Fighting       | |  2.5
Polearms       | |  3.4
Spellcasting   | |  2.2
Charms         | |  3.5

Action                   || total
-------------------------++-------
Melee: Spear             ||    88
 Cast: Infusion          ||     1
 Stab: Sleeping          ||     1
  Eat: Chunk             ||     1
Armor: Leather armour    ||    17
Dodge: Dodged            ||    55
Block: Shield            ||     1

Table legend:
 A = Non-vault XP
 B = Vault XP
 C = Vault XP percentage of total XP
 D = Non-vault monster count
 E = Vault monster count
 F = Vault count percentage of total count
                 A         B        C        D         E       F
            +---------+---------+-------+---------+---------+-------
      Total |      40 |       0 |   0.0 |      22 |       0 |   0.0
            +---------+---------+-------+---------+---------+-------
        D:1 |      40 |       0 |   0.0 |      22 |       0 |   0.0
            +---------+---------+-------+---------+---------+-------
